Map: Eternal Empire LE

Players

TYTY (TY) - Winner!

  • Race: Terran Terran
  • League: Grandmaster
  • Spawn Location: 1:00

Astrea

  • Race: Protoss Protoss
  • League: Master
  • Spawn Location: 7:00

Event: DreamHack SC2 Masters 2020 Fall

VOD

Have the link to the VOD?

Description

Time

  • Played on: Sept. 15, 2020, 12:48 p.m.
  • Length: 11:32
Show
View Real Time Build Order
Export as new Build Order

TYTY Terran - Winner!

Build Orders: Reaper Expand 

Get SALT Encoding   

  12  0:00  SCV  
  13  0:12  SCV  
  14  0:17  Supply Depot  
  14  0:24  SCV  
  15  0:38  SCV  
  15  0:39  Barracks  
  16  0:44  Refinery  
  16  0:50  SCV  
  17  1:02  SCV  
  18  1:14  SCV  
  19  1:27  Reaper, Orbital Command  
  20  1:45  Command Center  
  20  1:54  SCV  
  20  1:55  Supply Depot  
  20  1:59  Marine  
  22  2:08  Factory  
  22  2:10  SCV  
  23  2:18  Refinery  
  23  2:22  Barracks Reactor, SCV  
  24  2:34  SCV  
  25  2:46  SCV  
  26  2:55  Hellion, Starport  
  26  2:56  Orbital Command  
  26  2:58  Marine x2  
  29  3:01  SCV  
  30  3:16  SCV, Marine x2, Widow Mine  
  35  3:23  SCV  
  36  3:28  SCV  
  37  3:34  Medivac  
  37  3:36  SCV, Marine  
  37  3:37  Supply Depot  
  37  3:38  Widow Mine  
  37  3:40  SCV  
  44  3:42  Marine  
  44  3:48  SCV  
  46  3:58  SCV, Marine  
  48  4:03  SCV  
  48  4:04  Barracks  
  48  4:06  Starport Tech Lab, Barracks, Factory Tech Lab  
  49  4:10  SCV, Marine  
  52  4:20  SCV  
  51  4:24  SCV  
  51  4:27  Supply Depot  
  51  4:31  Raven  
  51  4:33  SCV  
  51  4:35  Refinery, Marine  
  51  4:38  Factory Reactor  
  54  4:48  SCV x2, Marine  
  55  4:53  Engineering Bay, Marine  
  57  5:00  SCV x2, Stimpack  
  57  5:01  Marauder  
  57  5:06  Marine  
  62  5:08  Supply Depot  
  62  5:12  Supply Depot  
  62  5:16  Marine  
  62  5:22  Supply Depot, Terran Infantry Weapons Level 1  
  62  5:23  Supply Depot  
  62  5:25  Supply Depot  
  62  5:29  Factory Tech Lab  
  62  5:30  SCV, Marauder x2, Marine  
  62  5:32  Supply Depot  
  62  5:33  SCV  
  69  5:36  Refinery, Marine  
  69  5:40  Medivac x2  
  69  5:42  SCV  
  75  5:47  SCV, Marine  
  75  5:48  Siege Tank  
  80  5:51  Marine x2  
  80  5:52  Supply Depot  
  80  5:54  SCV  
  83  5:59  SCV, Marine  
  83  6:01  Combat Shield  
  85  6:05  Marine  
  88  6:15  Marauder x2  
  90  6:23  Siege Tank  
  90  6:24  Marine x2  
  94  6:28  SCV x2  
  94  6:29  Command Center  
  94  6:31  Medivac  
  97  6:36  Marine x2  
  97  6:42  Marine x2  
  99  6:47  Medivac  
  99  6:51  Barracks  
  99  6:52  SCV x2, Barracks  
  101  6:59  Marauder x2  
  101  7:01  Concussive Shells  
  105  7:09  Siege Tank  
  105  7:12  Marine x2  
  105  7:13  SCV x2  
  105  7:14  Medivac  
  109  7:24  Medivac  
  109  7:26  SCV x2  
  109  7:28  Marine x2  
  110  7:35  Marine x2  
  111  7:38  SCV x2  
  113  7:44  Siege Tank  
  113  7:45  Barracks Reactor, Barracks Tech Lab  
  113  7:48  Orbital Command  
  113  7:50  Marine x2  
  118  7:52  Viking  
  118  7:55  SCV x2  
  122  8:00  Viking  
  122  8:03  Terran Infantry Armor Level 1  
  124  8:06  Marine x2  
  124  8:07  SCV x2, Marine  
  124  8:08  Supply Depot  
  124  8:09  Marine  
  129  8:16  Ghost Academy  
  129  8:18  Marine  
  130  8:24  Supply Depot x2, Marine  
  130  8:25  Viking  
  133  8:30  Viking, Missile Turret  
  133  8:31  Siege Tank  
  133  8:32  Marine  
  133  8:33  Refinery, Marine  
  141  8:45  SCV x3  
  141  8:48  Bunker, Marine  
  145  8:50  Marine  
  145  8:51  Marine  
  145  8:53  Supply Depot  
  149  8:56  Supply Depot  
  149  9:00  Marine  
  150  9:03  SCV x3  
  150  9:06  Supply Depot x2  
  153  9:14  Siege Tank  
  156  9:17  Marine x3  
  156  9:21  Unknown x2, Missile Turret  
  156  9:23  Viking x2  
  162  9:28  Marauder x2, Marine  
  162  9:30  Unknown  
  162  9:31  Marauder  
  169  9:35  Marine  
  169  9:36  Marine x2  
  172  9:45  Marine  
  172  9:46  SCV x3  
  172  9:49  Marine x2  
  171  9:56  Marauder  
  171  9:58  SCV x3  
  155  10:02  Siege Tank  
  158  10:09  Marine x2  
  158  10:10  SCV x3  
  158  10:11  Marine  
  156  10:21  Marine  
  150  10:25  Marauder  
  152  10:28  Liberator  
  154  10:37  Siege Tank  
  154  10:41  Marine  
  154  10:42  Marauder x2  
  153  10:55  Marauder, Marine x2  
  157  11:03  Marauder  
  146  11:30  Missile Turret  
Show
View Real Time Build Order
Export as new Build Order

Astrea Protoss 

Build Orders: 1 Gate Expand, Blink Stalkers, Colossus Rush 

Get SALT Encoding   

  12  0:00  Probe  
  13  0:12  Probe  
  14  0:18  Pylon  
  14  0:24  Probe (Chrono Boost)  
  15  0:37  Probe (Chrono Boost)  
  15  0:38  Gateway  
  16  0:44  Probe (Chrono Boost)  
  16  0:48  Assimilator  
  17  0:51  Probe  
  18  1:03  Probe  
  19  1:15  Probe  
  20  1:25  Cybernetics Core  
  20  1:35  Nexus  
  20  1:38  Probe  
  21  1:46  Pylon  
  21  1:50  Probe  
  21  1:52  Assimilator  
  22  2:01  Adept (Chrono Boost)  
  22  2:03  Probe  
  22  2:06  Warp Gate  
  25  2:15  Probe  
  26  2:22  Stalker (Chrono Boost)  
  26  2:27  Probe  
  29  2:39  Twilight Council  
  29  2:40  Probe (Chrono Boost)  
  30  2:46  Stalker  
  30  2:49  Probe (Chrono Boost)  
  33  2:57  Probe (Chrono Boost)  
  35  2:59  Probe (Chrono Boost)  
  35  3:04  Probe (Chrono Boost)  
  35  3:05  Probe  
  36  3:10  Gateway  
  37  3:15  Probe  
  37  3:16  Blink (Chrono Boost)  
  37  3:17  Probe  
  39  3:27  Probe  
  39  3:29  Probe  
  39  3:34  Robotics Facility  
  39  3:36  Pylon  
  39  3:40  Probe  
  39  3:41  Probe  
  41  3:52  Probe  
  41  3:53  Probe  
  41  3:54  Sentry  
  45  3:58  Nexus  
  45  4:03  Pylon  
  45  4:05  Probe x2  
  47  4:10  Stalker  
  49  4:17  Probe  
  49  4:18  Probe  
  49  4:21  Assimilator x2  
  50  4:26  Observer  
  50  4:29  Probe  
  50  4:30  Probe  
  53  4:37  Stalker x2  
  57  4:41  Probe  
  57  4:43  Probe  
  54  4:54  Probe  
  54  4:55  Probe  
  56  5:01  Robotics Bay  
  56  5:03  Pylon  
  56  5:06  Probe  
  57  5:07  Probe, Observer  
  58  5:18  Probe (Chrono Boost), Pylon  
  58  5:19  Probe (Chrono Boost)  
  58  5:20  Probe (Chrono Boost)  
  61  5:23  Observer (Chrono Boost)  
  61  5:25  Charge  
  64  5:29  Probe (Chrono Boost)  
  64  5:30  Probe x2 (Chrono Boost)  
  64  5:34  Probe x2 (Chrono Boost)  
  64  5:35  Probe (Chrono Boost)  
  66  5:38  Sentry  
  66  5:42  Gateway  
  70  5:44  Probe, Gateway  
  70  5:45  Probe  
  70  5:47  Probe, Colossus (Chrono Boost)  
  73  5:55  Shield Battery  
  73  5:56  Probe  
  80  5:57  Probe  
  81  6:07  Gateway  
  81  6:08  Gateway  
  81  6:11  Gateway  
  81  6:13  Gateway  
  81  6:20  Pylon  
  81  6:28  Colossus (Chrono Boost)  
  87  6:38  Zealot x3  
  93  6:46  Stalker  
  93  6:55  Probe x3  
  94  7:04  Pylon  
  94  7:05  Pylon  
  94  7:08  Pylon  
  94  7:09  Pylon  
  94  7:10  Pylon  
  89  7:22  Colossus  
  89  7:23  Stalker x3  
  89  7:26  Probe x3  
  89  7:29  Zealot x2  
  108  7:30  Zealot x3  
  104  7:38  Probe x2  
  101  7:49  Assimilator  
  101  7:50  Sentry, Forge  
  101  7:51  Forge, Assimilator, Zealot x2  
  103  7:52  Zealot x3  
  103  7:57  Robotics Bay  
  103  7:58  Robotics Facility  
  113  8:09  Probe x3  
  116  8:16  Pylon  
  116  8:20  Protoss Ground Armor Level 1 (Chrono Boost), Protoss Ground Weapons Level 1 (Chrono Boost)  
  114  8:35  Observer  
  114  8:36  Observer  
  114  8:38  Observer  
  115  8:42  Pylon  
  115  8:45  Zealot x8  
  131  8:49  Disruptor (Chrono Boost)  
  131  8:52  Nexus  
  131  8:54  Pylon  
  135  9:04  Gravitic Drive, Observer  
  135  9:06  Pylon  
  135  9:07  Dark Shrine  
  135  9:09  Disruptor (Chrono Boost)  
  133  9:11  Probe x3  
  133  9:15  Disruptor (Chrono Boost)  
  138  9:32  Stalker x5  
  138  9:33  Zealot x3  
  157  9:40  Pylon x2, Disruptor (Chrono Boost)  
  157  9:42  Shield Battery  
  157  9:43  Pylon  
  157  9:52  Disruptor (Chrono Boost)  
  152  10:04  Observer  
  148  10:12  Zealot x8  
  151  10:18  Disruptor (Chrono Boost)  
  139  10:23  Disruptor (Chrono Boost)  
  140  10:39  Dark Templar  
  140  10:40  Dark Templar  
  140  10:52  Stalker  
  140  10:53  Stalker x5  
  107  11:17  Zealot x6  

Tags
 
Add a new tag
Caveats
  • Supply blocks, unpowered buildings, or Contaminate may cause inaccurate times.
  • Supply counts are checked every 10 seconds.